 Dungeon Crawl Stone Soup version 0.32-a0-329-ge6c31236d6 (webtiles) character file.

Game seed: 7999575501668625890

966 n00bmints the Basher (level 7, -11/61 HPs)
             Began as a Mountain Dwarf Cinder Acolyte on Feb 17, 2024.
             Was an Initiate of Ignis.
             Mangled by a shadow (16 damage)
             ... on level 5 of the Dungeon.
             The game lasted 00:28:12 (4806 turns).

n00bmints the Basher (MDCA)                         Turns: 4806, Time: 00:28:12

Health: -11/61     AC: 12    Str: 19    XL:     7   Next: 93%
Magic:  8/8        EV:  8    Int: 14    God:    Ignis [......]
Gold:   284        SH:  0    Dex:  5    Spells: 8/8 levels left

rFire   + + +        l - +5 hammer of Usecloe {venom, rPois rF+}
rCold   . . .        (no shield)
rNeg    . . .        v - +2 chain mail {rF+}
rPois   +            (no helmet)
rElec   .            (no cloak)
rCorr   .            (no gloves)
SInv    .            t - +0 pair of boots
Will    .....        s - amulet of the acrobat Stlth
                     (no ring)
HPRegen 0.30/turn    (no ring)
MPRegen 0.11/turn

%: acrobat
@: no status effects
A: runic magic, artefact enchanting
a: Renounce Religion


You were on level 5 of the Dungeon.
You worshipped Ignis.
Ignis was noncommittal.
You visited 2 branches of the dungeon, and saw 6 of its levels.

You collected 284 gold pieces.

Inventory:

Hand Weapons
 a - a -1 mace of flaming
 d - a +2 dire flail of holy wrath
 g - a +0 mace of protection
 k - a +0 hammer of holy wrath
 l - the +5 hammer of Usecloe (weapon) {venom, rPois rF+}
   (You found it on level 2 of the Dungeon)

   rF+:       It protects you from fire.
   rPois:     It protects you from poison
 n - the +0 hammer of the Sky {elec, rPois rC- Will+ Str+4}
   (You found it on level 2 of the Dungeon)

   Str+4:     It affects your strength (+4).
   rC-:       It makes you vulnerable to cold.
   rPois:     It protects you from poison Will+: It increases your willpower.
Armour
 t - a +0 pair of boots (worn)
 v - a +2 chain mail of fire resistance (worn)
Jewellery
 s - an amulet of the acrobat (around neck)
 y - a +5 ring of evasion
 A - the Hermit's Pendant {Faith Invo=14 Evo=0 MP+5}
   (You found it on level 4 of the Dungeon)

   [amulet of faith]

   Invo=14: It sets your Invocations skill to 14.
   Evo=0: It sets your Evocations skill to 0.
   Faith:     It allows you to gain divine favour quickly.
   MP+5:      It affects your magic capacity (+5).
Wands
 C - a wand of roots (12)
Scrolls
 b - a scroll of fog
 e - 2 scrolls of poison
 i - 3 scrolls of noise
 j - a scroll of immolation {unknown}
 p - a scroll of amnesia
 r - a scroll of silence {unknown}
 w - 2 scrolls of butterflies {unknown}
 x - a scroll of vulnerability {unknown}
 z - 2 scrolls of identify
 B - a scroll of fear {unknown}
 D - a scroll of teleportation {unknown}
Potions
 c - 2 potions of invisibility {unknown}
 f - a potion of attraction {unknown}
 h - a potion of heal wounds {unknown}
 m - a potion of ambrosia {unknown}
 o - a potion of mutation {unknown}
 q - a potion of resistance {unknown}
 u - a potion of curing {unknown}


   Skills:
 + Level 5.5 Fighting
 + Level 8.3 Maces & Flails
 + Level 4.7 Armour
 + Level 1.4 Dodging
 + Level 0.1 Stealth
 + Level 1.0 Spellcasting
 + Level 3.8 Fire Magic


You had 8 spell levels left.
You didn't know any spells.
Your spell library contained the following spells:

 Spells                   Type           Power      Damage    Failure   Level
 Scorch                   Fire           22%        2d5       14%         2
 Vhi's Electric Charge    Tloc/Air       0%         N/A       99%         4
 Arcjolt                  Conj/Air       0%         1d10      100%        5
 Plasma Beam              Fire/Air       3%         2x1d13    100%        6


Dungeon Overview and Level Annotations

Branches:
Dungeon (5/15)             Temple (1/1) D:5

Altars:
Cheibriados
Dithmenos
Gozag
Kikubaaqudgha
Makhleb
Nemelex Xobeh
Okawaru
Sif Muna
Trog
Uskayaw
Vehumet
Wu Jian
Xom
Yredelemnul

Shops:
D:5 (

Annotations:
D:5 timneilson's ghost, novice OpSh


Innate Abilities, Weirdness & Mutations

Your spellcasting is much less encumbered by armour.
You can use scrolls of enchantment on lesser artefacts.


Message History

Reactivating autopickup.
The ice beast hits you but does no damage.
Timneilson's ghost hits you but does no damage.
The adder barely misses you.
You can't go down here!
The shadow attacks as it pursues you! The shadow hits you.
The adder attacks as it pursues you! The adder bites you but does no damage.
Timneilson's ghost hits you but does no damage.
The adder misses you. The shadow completely misses you. The adder bites you.
The iguana completely misses you.
Timneilson's ghost attacks as it pursues you!
Timneilson's ghost hits you.
* * * LOW HITPOINT WARNING * * *
The adder misses you. The shadow attacks as it pursues you!
The shadow misses you. The iguana misses you. The ice beast barely misses you.
The shadow slips into darkness.
The shadow flickers and vanishes!
Deactivating autopickup; reactivate with Ctrl-A.
The iguana completely misses you.
The shadow strikes at you from the darkness!
* * * LOW HITPOINT WARNING * * *
Reactivating autopickup.
The iguana attacks as it pursues you! The iguana bites you.
* * * LOW HITPOINT WARNING * * *
There is a transporter here.
You see here a +0 spear.
You enter the transporter and appear at another place.
The shadow slips into darkness.
The shadow flickers and vanishes!
Deactivating autopickup; reactivate with Ctrl-A.
The iguana bites you but does no damage.
Timneilson's ghost hits you.
* * * LOW HITPOINT WARNING * * *
The air fills with toxic fumes!
As you read the scroll of poison, it crumbles to dust.
The shadow strikes at you from the darkness!
You die...
Ignis goes out, and joins you in death.

..................[.............>
##########.#§....§§§§.##########.
#.#§.÷..§§§..# #.
########§#§§...§§§..# #.
#......§§§§§...§§...# #.
#......§§§§§§##§##### #.
#......§§§§§§#§§###### #.
#......§§§§§§§§{§§§§§## #.
###......§§§§§§W@l§§§§§§# #.
.########§§§#########§§§# #.
...## #..##ß.$$S.ß##..# #. ##..#
#..#........©#..# #. ###.#
#..#.......Y.#..# #. ..#.##
#..#.........#..# #.
#.#.)####..#....©....#..# ##.
#.##...##..#.........#..# #..
#.####.##..#.........#..# #.#


You could see an ice beast (very poisoned), an iguana, timneilson's ghost and an
adder.

Vanquished Creatures
  Edmund (D:4)
  A water moccasin (D:5)
  A black bear (D:4)
  A phantom (D:5)
  2 hounds (D:4)
  Crazy Yiuf (D:2)
  3 iguanas
  An orc wizard (D:4)
  2 sleepcaps (D:4)
  Natasha (thrice) (D:2)
  7 adders
  3 dart slugs
  3 ribbon worms
  9 orcs
  7 endoplasms
  8 giant cockroaches
  11 hobgoblins
  3 jackals (D:1)
  7 kobolds
  3 quokkas
  7 ball pythons
  4 bats
  5 frilled lizards
  10 goblins
  7 rats
110 creatures vanquished.

Vanquished Creatures (others)
  17 foxfires
17 creatures vanquished.

Grand Total: 127 creatures vanquished

Notes
Turn   | Place    | Note
-------+----------+-------------------------------------------
     0 | D:1      | n00bmints the Mountain Dwarf Cinder Acolyte began the quest
                  | for the Orb.
     0 | D:1      | Reached XP level 1. HP: 19/19 MP: 2/2
    57 | D:1      | Reached XP level 2. HP: 5/27 MP: 3/3
    60 | D:1      | Reached skill level 4 in Maces & Flails
   495 | D:1      | Reached XP level 3. HP: 32/33 MP: 4/4
   647 | D:1      | Reached skill level 1 in Armour
   675 | D:1      | Found a faded altar of an unknown god.
  1126 | D:2      | Reached XP level 4. HP: 35/40 MP: 5/5
  1559 | D:1      | You fall into a shaft and drop 1 floor!
  1933 | D:2      | Found a runed translucent door.
  1934 | D:2      | Noticed Crazy Yiuf
  1937 | D:2      | Identified the +5 hammer of Usecloe {venom, rPois rF+}
  2095 | D:2      | Noticed Natasha
  2112 | D:2      | Killed Natasha
  2113 | D:2      | Reached skill level 5 in Maces & Flails
  2113 | D:2      | Reached XP level 5. HP: 30/46 MP: 6/6
  2208 | D:2      | Killed Crazy Yiuf
  2212 | D:2      | Identified the +0 hammer of the Sky {elec, rPois rC- Will+
                  | Str+4}
  2265 | D:2      | Noticed Natasha
  2270 | D:2      | Killed Natasha
  2337 | D:2      | Noticed Natasha
  2346 | D:2      | Killed Natasha
  2502 | D:3      | You fall into a shaft and drop 1 floor!
  2546 | D:4      | Reached skill level 6 in Maces & Flails
  2627 | D:3      | Found an iron altar of Okawaru.
  2632 | D:3      | Reached XP level 6. HP: 55/55 MP: 7/7
  3113 | D:4      | Reached skill level 1 in Dodging
  3117 | D:4      | Reached skill level 5 in Fighting
  3225 | D:4      | Reached XP level 7. HP: 61/61 MP: 8/8
  3402 | D:4      | Found a sparkling altar of Nemelex Xobeh.
  3555 | D:4      | Reached skill level 7 in Maces & Flails
  3609 | D:4      | Noticed Edmund
  3624 | D:4      | Killed Edmund
  4054 | D:4      | Found a faded altar of an unknown god.
  4054 | D:4      | Found the Hermit's Pendant {Faith Invo=14 Evo=0 MP+5}
  4111 | D:5      | Entered Level 5 of the Dungeon
  4112 | D:5      | Noticed a shadow
  4115 | D:5      | Found a transporter.
  4115 | D:5      | Noticed timneilson's ghost (novice OpSh)
  4132 | D:5      | Found a transporter.
  4250 | D:5      | Found a staircase to the Ecumenical Temple.
  4260 | Temple   | Entered the Ecumenical Temple
  4519 | D:5      | Reached skill level 8 in Maces & Flails
  4637 | D:5      | Found Namausch's Antique Weapon Emporium.
  4806 | D:5      | Mangled by a shadow

Illustrated notes

Levels and vault maps discovered:
D:1:      lightli_arrival_noodles, layout_loops_ring,
          shapermc_ecumenical_altar_notcrosses
D:2:      layout_basic, uniq_natasha, uniq_crazy_yiuf_cottage
D:3:      layout_rooms, okawaru_metal_pillars_1_2
D:4:      layout_cave_pools, lemuel_tele_altar, hellmonk_guarded_unrand_hermit,
          uniq_edmund
D:5:      layout_basic, lemuel_temple_firewalk_b, gammafunk_ghost_arena,
          serial_shops, nicolae_shop_pleasant_corner_grove
Temple:   hellmonk_temple_two_chambers

Skill      XL: |  1  2  3  4  5  6  7 |
---------------+----------------------+-----
Maces & Flails | 4 5 6 8 |  8.3
Fighting       | 4 5 |  5.5
Armour         | 1 2 3 4 |  4.7
Dodging        | 1 |  1.4
Stealth        | |  0.1
Spellcasting   | |  1.0
Fire Magic     | |  3.8

Action                     |  1- 3 |  4- 6 |  7- 9 || total
---------------------------+-------+-------+-------++-------
  Melee: Mace              |   101 |   136 |    85 ||   322
 Invoke: Fiery Armour      |     2 |     4 |       ||     6
         Foxfire Swarm     |     1 |     3 |       ||     4
         Rising Flame      |       |     1 |       ||     1
    Use: Scroll            |       |       |     5 ||     5
 Armour: Leather armour    |    28 |       |       ||    28
         Ring mail         |    76 |   119 |    16 ||   211
         Chain mail        |       |       |    62 ||    62
  Dodge: Dodged            |    77 |    89 |    63 ||   229

Table legend: (Time is in decaauts)
 A = Elapsed time spent in this place.
 B = Non-inter-level travel time spent in this place.
 C = Inter-level travel time spent in this place.
 D = Time resting spent in this place.
 E = Time spent auto-exploring this place.
 F = Levels seen in this place.
 G = Mean time per level.
                   A        B        C        D        E       F      G
               +--------+--------+--------+--------+--------+-----+--------+
         Total |   4872 |   4490 |    382 |      0 |   1741 |   6 |  812.0 |
       Dungeon |   4829 |   4486 |    343 |      0 |   1741 |   5 |  965.8 |
        Temple |     42 |      3 |     39 |      0 |      0 |   1 |   42.0 |
               +--------+--------+--------+--------+--------+-----+--------+

Top non-repeatable levels by time:
     D:2: 1320 daAuts
     D:1: 1221 daAuts
     D:4: 1143 daAuts
     D:5: 652 daAuts
     D:3: 491 daAuts
  Temple: 42 daAuts
